 Dungeon Crawl Stone Soup version 0.13.1-22-g086cdba (webtiles) character file.

2012 Kae the Martial Artist (level 8, -3/60 HPs)
             Began as a White Draconian Transmuter on Jan 1, 2014.
             Was an Initiate of Sif Muna.
             Killed from afar by Kae's ghost (10 damage)
             ... with a blast of negative energy
             ... on Level 7 of the Dungeon.
             The game lasted 00:12:26 (7778 turns).

Kae the Martial Artist (White Draconian Transmuter) Turns: 7778, Time: 00:12:26

HP  -3/60        AC  2     Str 13      XL: 8   Next: 80%
MP  10/12        EV 19     Int 14      God: Sif Muna [......]
Gold 244         SH  0     Dex 18      Spells:  3 memorised,  5 levels left

Res.Fire  : . . .   See Invis. : .     - Unarmed
Res.Cold  : . . .   Warding    : .   (armour unavailable)
Life Prot.: . . .   Conserve   : .   (shield currently unavailable)
Res.Poison: x       Res.Corr.  : .   (helmet currently unavailable)
Res.Elec. : .       Clarity    : .   (cloak currently unavailable)
Sust.Abil.: . .     Spirit.Shd : .   (gloves currently unavailable)
Res.Mut.  : .       Stasis     : .   (boots currently unavailable)
Res.Rott. : .       Flight     : .   (no amulet)
Saprovore : . . .                    (no ring)
                                     q - +2 ring of evasion

@: spider-form (expiring), heavily drained, quick, slightly resistant to hostile
enchantments, unstealthy
A: (breathe frost), unfitting armour, (cold resistance 0), AC +6
a: End Transformation, Renounce Religion


You were on level 7 of the Dungeon.
You worshipped Sif Muna.
Sif Muna was noncommittal.
You were not hungry.
You were in spider-form.
You visited 2 branches of the dungeon, and saw 8 of its levels.

You collected 279 gold pieces.
You spent 55 gold pieces at shops.

Inventory:

Missiles
 b - 70 arrows
 k - 11 arrows of frost
Armour
 l - a +0 cloak
Magical devices
 v - a wand of magic darts (7)
Comestibles
 a - 8 bread rations
 o - 3 apples
 w - 2 meat rations
 x - a pear
 A - a banana
 B - 4 chunks of ogre flesh
Scrolls
 c - 5 scrolls of identify
 f - a scroll of fog
 h - 9 scrolls of remove curse {unknown}
 j - a scroll of curse armour {unknown}
 n - 4 scrolls of teleportation
 s - 4 scrolls of blinking {unknown}
 u - a scroll of enchant armour {unknown}
Jewellery
 q - a +2 ring of evasion (left front leg)
Potions
 e - a potion of heal wounds
 g - 2 potions of curing
 i - a potion of speed
 m - 2 potions of magic {unknown}
 p - a potion of poison {unknown}
 r - 4 potions of agility {unknown}
 t - 2 potions of restore abilities {unknown}
 z - a potion of degeneration {unknown}
Books
 d - a book of Changes

   Spells                             Type                      Level
   *Beastly Appendage                 Transmutation                1
   *Sticks to Snakes                  Transmutation                2
   *Spider Form                       Transmutation/Poison         3
   Ice Form                           Ice/Transmutation            4
   Blade Hands                        Transmutation                5
Rods
 y - a +0 rod of the swarm (13/13)
   (You found it on level 7 of the Dungeon)


   Skills:
 - Level 1.1(0.0) Fighting
 - Level 1.7(0.0) Dodging
 * Level 9.8(7.4) Unarmed Combat
 - Level 2.0(0.1) Spellcasting
 + Level 6.8(4.6) Transmutations


You had 5 spell levels left.
You knew the following spells:

 Your Spells              Type           Power        Failure   Level  Hunger
a - Beastly Appendage     Trmt           ##....       14%         1    ##.....
b - Sticks to Snakes      Trmt           ##........   24%         2    ###....
c - Spider Form           Trmt/Pois      #.........   61%         3    ####...


Dungeon Overview and Level Annotations

Branches:
Dungeon (7/27)             Temple (1/1) D:6
    Orc: D:6-11

Altars:
Ashenzari
Cheibriados
Elyvilon
Fedhas
Kikubaaqudgha
Makhleb
Nemelex Xobeh
Okawaru
Sif Muna
Trog
Vehumet
Xom
Yredelemnul
Zin
the Shining One

Shops:
D:4 !

Annotations:
D:2 Sigmund
D:7 Kae's ghost, experienced DrTm


Innate Abilities, Weirdness & Mutations

((You can breathe waves of freezing cold.))*
((You can buffet flying creatures when you breathe cold.))*
((Your icy white scales are hard (AC +6).))*
Your body does not fit into most forms of armour.
Your cold-blooded metabolism reacts poorly to cold.
((Your flesh is cold resistant.))*


Message History

The blast of negative energy hits you!
You feel drained.
* * * LOW HITPOINT WARNING * * *
The sky beast flickers out of sight!
Deactivating autopickup; reactivate with Ctrl-A.
Casting: Beastly Appendage
Confirm with . or Enter, or press ? or * to list all spells.
Your talons disappear.
You turn into a venomous arachnid creature.
Kae's ghost breathes negative energy at you.
The blast of negative energy hits you!
You feel drained.
* * * LOW HITPOINT WARNING * * *
Kae's ghost breathes negative energy at you.
The blast of negative energy misses you.
Your transformation is almost over.
Kae's ghost says, "I have seen your future, and it is all used up."
A sky beast appears from thin air!
Reactivating autopickup.
Kae's ghost breathes negative energy at you.
The blast of negative energy hits you!
You feel drained.
You die...

##.# #.#.. ## ####...# ... ##....
#. #......# #... #..... ..
#.##.#.### #...# ####.....
#.###........# #...# #........
...##..#.#.#.######...###.##.##..
...##..#...#.................#...
.....p.##..p..............%..#..#
...###.##.##....s................
....##...§I..####.#....##.####..#
###.#####.#### #.......#.......#
.# #.# #.#.....######.## .. #.#
#.#.....######.## .## #.#
#............#.#. .. #.#
#.#...#.####.#.#. #. ..#
##.#...#.####.#... ###
#........#........


You could see a sky beast and Kae's ghost.

Vanquished Creatures
  6 ogres
  An ice beast (D:6)
  A phantom (D:5)
  A giant frog (D:7)
  A wyvern skeleton (D:6)
  4 wights (D:6)
  A goliath beetle (D:6)
  A giant frog zombie (D:6)
  3 crimson imps
  A jelly (D:6)
  Crazy Yiuf (D:6)
  An orc priest (D:3)
  4 hounds
  A scorpion (D:4)
  6 worker ants
  An iguana (D:7)
  An ogre zombie (D:6)
  Jessica (D:2)
  A hound zombie (D:5)
  12 adders
  3 worms
  A giant mite (D:5)
  3 giant geckos
  2 oozes
  10 orcs
  10 bats
  3 giant cockroaches
  11 goblins
  8 hobgoblins
  16 kobolds
  A quokka (D:7)
  A ball python (D:3)
  A giant gecko zombie (D:7)
  4 giant newts
  A hobgoblin zombie (D:7)
  4 rats
  A fungus (D:6)
129 creatures vanquished.

Notes
Turn   | Place    | Note
--------------------------------------------------------------
     0 | D:1      | Kae, the Draconian Transmuter, began the quest for the Orb.
     0 | D:1      | Reached XP level 1. HP: 16/16 MP: 1/1
   708 | D:1      | Reached XP level 2. HP: 23/23 MP: 3/3
  1024 | D:2      | Learned a level 2 spell: Sticks to Snakes
  1234 | D:2      | Reached XP level 3. HP: 6/28 MP: 2/4
  1584 | D:2      | Reached skill level 4 in Unarmed Combat
  1600 | D:2      | Noticed Jessica
  1600 | D:2      | Noticed Sigmund
  1955 | D:2      | Killed Jessica
  2079 | D:3      | Reached XP level 4. HP: 23/35 MP: 4/6
  2705 | D:3      | Reached XP level 5. HP: 40/40 MP: 7/7
  2960 | D:3      | Reached skill level 5 in Unarmed Combat
  3159 | D:4      | HP: 2/40 [worker ant (3)]
  3187 | D:4      | Learned a level 3 spell: Spider Form
  3511 | D:4      | Found Ewkihe's Distillery.
  3529 | D:4      | Bought a potion of heal wounds for 33 gold pieces
  3529 | D:4      | Bought a potion of curing for 22 gold pieces
  3551 | D:4      | Noticed an ogre
  3575 | D:4      | Killed an ogre
  3575 | D:4      | Reached skill level 6 in Unarmed Combat
  3575 | D:4      | Reached XP level 6. HP: 8/47 MP: 2/9
  3912 | D:5      | Entered Level 5 of the Dungeon
  4196 | D:5      | Your scales start taking on an icy white colour.
  4196 | D:5      | Gained mutation: Your flesh is cold resistant. [draconian maturity]
  4196 | D:5      | Reached XP level 7. HP: 21/52 MP: 10/10
  4430 | D:5      | Reached skill level 7 in Unarmed Combat
  4710 | D:6      | Reached skill level 5 in Transmutations
  5052 | D:6      | Reached skill level 8 in Unarmed Combat
  5564 | D:6      | Reached XP level 8. HP: 60/60 MP: 10/12
  6229 | D:6      | Found a staircase to the Ecumenical Temple.
  6259 | D:6      | Reached skill level 9 in Unarmed Combat
  6368 | Temple   | Entered the Ecumenical Temple
  6459 | Temple   | Became a worshipper of Sif Muna the Loreminder
  6903 | D:6      | Noticed Crazy Yiuf
  6911 | D:6      | Killed Crazy Yiuf
  7759 | D:7      | Noticed Kae's ghost (experienced DrTm)
  7778 | D:7      | Killed from afar by Kae's ghost

Action                   |  1- 3 |  4- 6 |  7- 9 || total
-------------------------+-------+-------+-------++-------
Melee: Unarmed           |   121 |   198 |   271 ||   590
 Cast: Beastly Appendage |     7 |    13 |    25 ||    45
       Spider Form       |       |     2 |     8 ||    10
  Use: Scroll            |       |    11 |       ||    11
       Potion            |       |     3 |       ||     3
 Stab: Sleeping          |       |       |     2 ||     2
